 Dungeon Sprint DCSS version 0.17-a0-1941-gcc30b76 (webtiles) character file.

8700000 GilaZews the Axe Maniac (level 27, -4/249 HPs)
             Began as a Formicid Fighter on Sept 30, 2015.
             Was the Champion of Makhleb.
             Killed by the air
             ... invoked by a tyrant
              (30 damage)
             ... in the Dungeon (Sprint VIII: "Arena of Blood").
             The game lasted 00:08:56 (87 turns).

GilaZews the Axe Maniac (Formicid Fighter)            Turns: 87, Time: 00:08:58

Health: -4/249     AC: 12    Str: 31    XL:     27
Magic:  32/54      EV: 22    Int: 11    God:    Makhleb [******]
Gold:   0          SH: 19    Dex: 10    Spells: 0 memorised, 80 levels left

rFire  . . .     SeeInvis +     l - +∞ Axe of Woe
rCold  . . .     Clarity  .     b - +0 scale mail
rNeg   . . .     SustAt   .     c - +0 shield
rPois  .         Gourm    .     (helmet unavailable)
rElec  .         Spirit   .     (no cloak)
rCorr  .         Warding  .     (no gloves)
rMut   .         Stasis   +     (no boots)
MR     ++...                    (no amulet)
Stlth  +++++++...               (no ring)
                                (no ring)

@: drained, very resistant to hostile enchantments, extremely stealthy
A: permanent stasis, dig shafts and tunnels, four strong arms, antennae 3
a: Dig, Minor Destruction, Lesser Servant of Makhleb, Major Destruction, Greater
Servant of Makhleb, Renounce Religion


You were in the Dungeon.
You worshipped Makhleb.
Makhleb was exalted by your worship.
You were not hungry.

You visited 1 branch

Inventory:

Hand weapons
 a - a +0 war axe
 l - the +∞ Axe of Woe (weapon)
   (You found it in the Dungeon)
Armour
 b - a +0 scale mail (worn)
 c - a +0 shield (worn)
Jewellery
 m - a +250 ring of slaying
 n - a +250 ring of slaying
Scrolls
 k - a scroll of blinking
Potions
 d - a potion of might
 f - a potion of curing
 g - a potion of heal wounds
 h - a potion of haste
 i - 2 potions of magic
 j - a potion of berserk rage
Comestibles
 e - a bread ration


   Skills:
 O Level 27(25.5) Fighting
 O Level 27(25.5) Axes
 O Level 27(25.5) Throwing
 O Level 27(25.5) Armour
 O Level 27(25.5) Dodging
 O Level 27(25.5) Stealth
 O Level 27(25.5) Shields
 O Level 27(25.5) Unarmed Combat
 O Level 27(25.5) Spellcasting
 O Level 27(25.5) Invocations


You had 80 spell levels left.
You didn't know any spells.

Dungeon Overview and Level Annotations

Branches:
Dungeon (1/1)

Altars:
Makhleb

Annotations:
D The Captor


Innate Abilities, Weirdness & Mutations

You are under a permanent stasis effect.
You can dig through walls and to a lower floor.
Your four strong arms can wield two-handed weapons with a shield.
You have a pair of large antennae on your head (SInv).


Message History

Makhleb accepts your kill.
You feel better.
You hit the sculptor of flesh.
You chop the sculptor of flesh into pieces.
You destroy the sculptor of flesh!
Makhleb accepts your kill.
You hear a shout! x8
The small abomination is engulfed in roaring flames.
The wretched soul breathes negative energy at you.
The bolt of negative energy hits The Captor.
The Captor is drained!
The bolt of negative energy hits you!
You feel drained.
* * * LOW HITPOINT WARNING * * *
The dread throws hellfire at you.
The hellfire explodes!
The burst of hellfire engulfs you!
* * * LOW HITPOINT WARNING * * *
The burst of hellfire engulfs the meat berserker.
You hear a shout!
The bag of meat moves out of view.
The tyrant waves its bony arms in wide circles.
The air twists around and strikes you!
You die...

........L {
.W{..{{{..
......... . {{
#.....{.# #.o
o{#{.....{#
..o.###oC{. ..###z
....WCoW@###X....z
#...ozox)@..LOX..
......V#))O..#oX..
.....{.#§ox%D#{{ .
..{{.{.#)§§)%#.{..
.#{.{..L§§_)...{..
...{...))###......
.o..###))).{M.###.
.... {#....{.o#
#.......#


You could see an accursed, a tentacled monstrosity, 2 tyrants, an eight-headed
meat hydra, a destroyer, 3 sculptors of flesh, a large bag of meat (inner
flame), 2 large abominations, a wretched soul (invisible), a dread, The Captor,
2 meat berserkers, a small abomination and 7 bags of meat.

Vanquished Creatures
  2 hell beasts (D)
  6 vampire knights (D)
  24 ogres (D)
  3 liches (D)
  41 orcs (D)
  A phantom (D)
  6 hill giants (D)
  7 skeletal warriors (D)
  2 large abominations (D)
  7 small abominations (D)
  11 crawling corpses (D)
110 creatures vanquished.

Vanquished Creatures (others)
  7 crawling corpses (D)
7 creatures vanquished.

Grand Total: 117 creatures vanquished

Notes
Turn   | Place    | Note
--------------------------------------------------------------
     0 | D        | GilaZews the Formicid Fighter began the quest for the Orb.
     0 | D        | Reached XP level 1. HP: 18/18 MP: 1/1
     2 | D        | Noticed a bag of meat
     3 | D        | Noticed a bag of meat
     3 | D        | Became a worshipper of Makhleb the Destroyer
     6 | D        | Noticed a meat berserker
     7 | D        | Killed a meat berserker
     7 | D        | Reached skill level 16 in Fighting
     7 | D        | Reached skill level 20 in Axes
     7 | D        | Reached XP level 2. HP: 21/46 MP: 2/2
     7 | D        | Reached XP level 3. HP: 23/52 MP: 3/3
     7 | D        | Reached XP level 4. HP: 26/59 MP: 4/4
     7 | D        | Reached XP level 5. HP: 28/65 MP: 5/5
     7 | D        | Reached XP level 6. HP: 31/73 MP: 6/6
     7 | D        | Reached XP level 7. HP: 33/79 MP: 7/7
     7 | D        | Reached XP level 8. HP: 35/86 MP: 8/8
     7 | D        | Reached XP level 9. HP: 37/92 MP: 9/9
     7 | D        | Reached XP level 10. HP: 39/99 MP: 10/10
     7 | D        | Reached XP level 11. HP: 41/106 MP: 11/11
     7 | D        | Reached XP level 12. HP: 43/113 MP: 12/12
     7 | D        | Reached XP level 13. HP: 45/119 MP: 13/13
     9 | D        | Killed a bag of meat
     9 | D        | Acquired Makhleb's first power
     9 | D        | Reached skill level 22 in Axes
     9 | D        | Reached XP level 14. HP: 103/130 MP: 14/14
    10 | D        | Noticed a bag of meat
    10 | D        | Noticed a bag of meat
    10 | D        | Killed a bag of meat
    10 | D        | Reached skill level 23 in Axes
    10 | D        | Reached XP level 15. HP: 108/139 MP: 15/15
    11 | D        | Noticed a bag of meat
    11 | D        | Killed a bag of meat
    11 | D        | Acquired Makhleb's second power
    11 | D        | Reached skill level 24 in Axes
    13 | D        | Killed a bag of meat
    13 | D        | Reached skill level 25 in Axes
    13 | D        | Reached XP level 16. HP: 147/150 MP: 16/16
    13 | D        | Killed a bag of meat
    13 | D        | Acquired Makhleb's third power
    13 | D        | Reached skill level 26 in Axes
    17 | D        | Noticed a meat berserker
    17 | D        | Noticed a bag of meat
    18 | D        | Killed a meat berserker
    18 | D        | Reached skill level 27 in Axes
    18 | D        | Reached XP level 17. HP: 158/165 MP: 17/17
    20 | D        | Noticed a meat berserker
    22 | D        | Killed a meat berserker
    22 | D        | Reached skill level 27 in Shields
    22 | D        | Reached XP level 18. HP: 172/179 MP: 18/18
    24 | D        | Noticed a bag of meat
    24 | D        | Killed a bag of meat
    24 | D        | Acquired Makhleb's fourth power
    24 | D        | Reached skill level 27 in Fighting
    24 | D        | Reached skill level 27 in Armour
    25 | D        | Killed a bag of meat
    25 | D        | Reached skill level 15 in Dodging
    28 | D        | Noticed a destroyer
    28 | D        | Noticed a meat berserker
    28 | D        | Noticed a bag of meat
    28 | D        | Noticed a destroyer
    29 | D        | Noticed a large bag of meat
    29 | D        | Killed a destroyer
    29 | D        | Acquired Makhleb's fifth power
    29 | D        | Reached XP level 19. HP: 189/189 MP: 19/19
    30 | D        | Noticed a meat berserker
    30 | D        | Noticed a meat berserker
    31 | D        | Noticed a large bag of meat
    31 | D        | Noticed a bag of meat
    31 | D        | Noticed a bag of meat
    31 | D        | Noticed a sculptor of flesh
    31 | D        | Killed a destroyer
    31 | D        | Reached skill level 27 in Dodging
    31 | D        | Reached skill level 15 in Stealth
    31 | D        | Reached XP level 20. HP: 197/197 MP: 19/30
    32 | D        | Killed a meat berserker
    33 | D        | Noticed a meat berserker
    33 | D        | Noticed a bag of meat
    33 | D        | Noticed a bag of meat
    33 | D        | Noticed a meat berserker
    33 | D        | Killed a bag of meat
    34 | D        | Noticed a bag of meat
    34 | D        | Noticed a sculptor of flesh
    34 | D        | Killed a sculptor of flesh
    34 | D        | Reached XP level 21. HP: 204/204 MP: 19/37
    34 | D        | Noticed a bag of meat
    35 | D        | Noticed a bag of meat
    35 | D        | Noticed a bag of meat
    35 | D        | Noticed a bag of meat
    35 | D        | Noticed a bag of meat
    35 | D        | Killed a meat berserker
    35 | D        | Reached skill level 27 in Stealth
    35 | D        | Reached skill level 27 in Invocations
    36 | D        | Noticed a bag of meat
    36 | D        | Noticed a large bag of meat
    36 | D        | Killed a meat berserker
    37 | D        | Noticed a bag of meat
    37 | D        | Noticed a bag of meat
    38 | D        | Noticed a bag of meat
    40 | D        | Noticed a meat berserker
    40 | D        | Noticed a sculptor of flesh
    41 | D        | Noticed a bag of meat
    42 | D        | Noticed a meat berserker
    42 | D        | Killed a meat berserker
    42 | D        | Reached skill level 15 in Throwing
    42 | D        | Reached XP level 22. HP: 212/212 MP: 21/44
    43 | D        | Noticed a meat berserker
    43 | D        | Killed a bag of meat
    44 | D        | Noticed a sculptor of flesh
    44 | D        | Killed a bag of meat
    44 | D        | Noticed a large bag of meat
    45 | D        | Noticed a bag of meat
    45 | D        | Killed a bag of meat
    46 | D        | Noticed a bag of meat
    46 | D        | Noticed a meat berserker
    46 | D        | Noticed a meat berserker
    46 | D        | Killed a bag of meat
    46 | D        | Reached XP level 23. HP: 219/219 MP: 22/50
    46 | D        | Killed a meat berserker
    46 | D        | Killed a meat berserker
    47 | D        | Noticed a bag of meat
    47 | D        | Noticed a destroyer
    47 | D        | Killed a meat berserker
    47 | D        | Reached skill level 27 in Unarmed Combat
    47 | D        | Reached skill level 27 in Spellcasting
    47 | D        | Reached XP level 24. HP: 227/227 MP: 22/54
    47 | D        | Killed a meat berserker
    47 | D        | Reached skill level 27 in Throwing
    48 | D        | Noticed a bag of meat
    48 | D        | Killed a bag of meat
    48 | D        | Killed a large bag of meat
    49 | D        | Noticed a meat berserker
    49 | D        | Noticed a bag of meat
    49 | D        | Noticed a bag of meat
    49 | D        | Noticed a bag of meat
    49 | D        | Noticed a tyrant
    49 | D        | Noticed a bag of meat
    49 | D        | Noticed a sculptor of flesh
    50 | D        | Killed a large bag of meat
    50 | D        | Reached XP level 25. HP: 191/234 MP: 23/54
    50 | D        | Killed a bag of meat
    50 | D        | Killed a meat berserker
    51 | D        | Noticed a bag of meat
    51 | D        | Killed a destroyer
    52 | D        | Noticed a sculptor of flesh
    52 | D        | Killed a bag of meat
    52 | D        | Reached XP level 26. HP: 242/242 MP: 23/54
    52 | D        | Killed a bag of meat
    53 | D        | Noticed a bag of meat
    53 | D        | Killed a sculptor of flesh
    53 | D        | Killed a bag of meat
    53 | D        | Killed a meat berserker
    54 | D        | Noticed a meat berserker
    54 | D        | Noticed a bag of meat
    54 | D        | Noticed a destroyer
    54 | D        | Killed a meat berserker
    54 | D        | Reached XP level 27. HP: 249/249 MP: 24/54
    54 | D        | Killed a large bag of meat
    55 | D        | Noticed a meat berserker
    55 | D        | Noticed a large bag of meat
    55 | D        | Killed a large bag of meat
    56 | D        | Noticed a bag of meat
    56 | D        | Noticed a bag of meat
    56 | D        | Noticed a meat berserker
    56 | D        | Noticed a sculptor of flesh
    56 | D        | Killed a sculptor of flesh
    57 | D        | Noticed a bag of meat
    57 | D        | Noticed a meat berserker
    57 | D        | Noticed a meat berserker
    58 | D        | Killed a bag of meat
    58 | D        | Killed a sculptor of flesh
    58 | D        | Killed a meat berserker
    59 | D        | Noticed a meat berserker
    59 | D        | Killed a bag of meat
    59 | D        | Killed a sculptor of flesh
    59 | D        | Killed a bag of meat
    60 | D        | Noticed a bag of meat
    60 | D        | Noticed a tyrant
    60 | D        | Killed a bag of meat
    60 | D        | Killed a bag of meat
    61 | D        | Killed a bag of meat
    62 | D        | Noticed a bag of meat
    62 | D        | Noticed a bag of meat
    62 | D        | Noticed a large bag of meat
    62 | D        | Killed a meat berserker
    63 | D        | Killed a meat berserker
    63 | D        | Killed a meat berserker
    64 | D        | Noticed a bag of meat
    64 | D        | Killed a bag of meat
    65 | D        | Killed a bag of meat
    66 | D        | Noticed a bag of meat
    66 | D        | Killed a tyrant
    66 | D        | Killed a large bag of meat
    67 | D        | Noticed a bag of meat
    68 | D        | Killed a bag of meat
    68 | D        | Killed a bag of meat
    68 | D        | Killed a bag of meat
    69 | D        | Noticed a large bag of meat
    69 | D        | Killed a sculptor of flesh
    69 | D        | Killed a bag of meat
    69 | D        | Killed a bag of meat
    70 | D        | Killed a bag of meat
    71 | D        | Noticed a meat berserker
    71 | D        | Killed a bag of meat
    72 | D        | Killed a tyrant
    72 | D        | Killed a bag of meat
    72 | D        | Killed a bag of meat
    73 | D        | Noticed a bag of meat
    73 | D        | Noticed a meat berserker
    73 | D        | Killed a meat berserker
    74 | D        | Noticed a bag of meat
    74 | D        | Killed a meat berserker
    74 | D        | Killed a bag of meat
    75 | D        | Noticed a meat berserker
    75 | D        | Noticed a bag of meat
    76 | D        | Noticed a wretched soul
    76 | D        | Noticed a bag of meat
    76 | D        | Noticed an accursed
    76 | D        | Killed a meat berserker
    76 | D        | Killed a bag of meat
    77 | D        | Noticed a meat beast
    77 | D        | Killed a large bag of meat
    77 | D        | Killed a bag of meat
    77 | D        | Killed a meat berserker
    78 | D        | Noticed a destroyer
    78 | D        | Noticed a meat berserker
    78 | D        | Noticed a large bag of meat
    78 | D        | Noticed a bag of meat
    78 | D        | Noticed a meat berserker
    78 | D        | Noticed a destroyer
    78 | D        | Noticed a bag of meat
    78 | D        | Noticed a dread
    78 | D        | Noticed a tyrant
    78 | D        | Noticed a destroyer
    78 | D        | Noticed a sculptor of flesh
    79 | D        | Noticed a bag of meat
    79 | D        | Noticed a bag of meat
    79 | D        | Noticed a wretched soul
    79 | D        | Noticed The Captor
    79 | D        | Noticed a bag of meat
    79 | D        | Noticed a tyrant
    80 | D        | Noticed a meat beast
    80 | D        | Killed a destroyer
    80 | D        | Killed a bag of meat
    80 | D        | Killed a destroyer
    80 | D        | Noticed a large bag of meat
    81 | D        | Noticed a bag of meat
    81 | D        | Noticed a tyrant
    81 | D        | Killed a meat berserker
    81 | D        | Killed a meat beast
    82 | D        | Noticed a meat berserker
    82 | D        | Killed a destroyer
    82 | D        | Killed a meat berserker
    83 | D        | Noticed a bag of meat
    83 | D        | Killed a meat beast
    84 | D        | Killed a wretched soul
    85 | D        | Noticed a meat berserker
    85 | D        | Noticed an accursed
    85 | D        | Killed a bag of meat
    86 | D        | Killed a tyrant
    87 | D        | Noticed a bag of meat
    87 | D        | Noticed a bag of meat
    87 | D        | Killed a bag of meat
    87 | D        | Killed a bag of meat
    87 | D        | Killed a sculptor of flesh
    87 | D        | Killed from afar by a tyrant

Vault maps used:
D:        meatsprint

Action                   |  1- 3 |  4- 6 |  7- 9 | 10-12 | 13-15 | 16-18 | 19-21 | 22-24 | 25-27 || total
-------------------------+-------+-------+-------+-------+-------+-------+-------+-------+-------++-------
Melee: Executioner's axe |     1 |       |       |       |     4 |     5 |     7 |     7 |    32 ||    56
